 Dungeon Crawl Stone Soup version 0.31-a0-672-g7da72447bb (webtiles) character file.

Game seed: 17603072760321663191

3249 bjtr the Geomancer (level 9, -8/45 HPs)
             Began as a Gargoyle Earth Elementalist on Sept 4, 2023.
             Was a Follower of Vehumet.
             Hit by a large rock thrown by a cyclops (12 damage)
             ... on level 9 of the Dungeon.
             The game lasted 00:26:00 (6728 turns).

bjtr the Geomancer (Gargoyle Earth Elementalist)    Turns: 6728, Time: 00:26:01

Health: -8/45      AC: 14    Str: 11    XL:     9   Next: 99%
Magic:  18/20      EV: 11    Int: 24    God:    Vehumet [*.....]
Gold:   1698       SH:  0    Dex: 20    Spells: 13/23 levels left

rFire   . . .        a - +5 scimitar
rCold   + . .        (no shield)
rNeg    + + .        k - +1 ring mail of the Moon {Int+5}
rPois   ∞            (no helmet)
rElec   +            E - +0 cloak
rCorr   .            (no gloves)
SInv    +            (no boots)
Will    .....        (no amulet)
Stlth   ++           m - +6 ring of dexterity
HPRegen 0.27/turn    w - ring "Votoech" {rC+ rN+ Str-2 Dex+4 SInv}
MPRegen 0.17/turn

%: no passive effects
@: no status effects
A: sickness immunity, AC +6, negative energy resistance 1, electricity
resistance, torment resistance 1, petrification resistance
a: Renounce Religion


You were on level 9 of the Dungeon.
You worshipped Vehumet.
Vehumet was aware of your devotion.
You visited 2 branches of the dungeon, and saw 10 of its levels.

You collected 1698 gold pieces.

Inventory:

Hand Weapons
 a - a +5 scimitar (weapon)
 i - a +0 triple crossbow
 n - a +1 sling
 p - a +0 mace of protection
 s - the +4 short sword of Abuse {heavy, rCorr}
   (You found it on level 2 of the Dungeon)

   rCorr:     It protects you from acid and corrosion.
 u - a +2 dagger of draining
 B - the +4 quarterstaff of Res Judicata {antimagic, rElec rC++ Str+3 Int+2 Dex-4}
   (You found it on level 5 of the Dungeon)

   Str+3:     It affects your strength (+3).
   Int+2:     It affects your intelligence (+2).
   Dex-4:     It affects your dexterity (-4).
   rC++:      It greatly protects you from cold.
   rElec:     It insulates you from electricity.
 C - a +2 scimitar
 I - a +0 long sword
 J - a +2 flail of protection
 M - a +0 morningstar of freezing
Missiles
 G - 16 poisoned darts
 O - a throwing net
Armour
 k - the +1 ring mail of the Moon (worn) {Int+5}
   (You found it on level 4 of the Dungeon)

   Int+5:     It affects your intelligence (+5).
 r - a +1 leather armour of fire resistance
 x - a +0 kite shield
 E - a +0 cloak (worn)
Magical Staves
 e - a staff of cold
 y - a staff of death
Jewellery
 m - a +6 ring of dexterity (left hand)
 w - the ring "Votoech" (right hand) {rC+ rN+ Str-2 Dex+4 SInv}
   (You acquired it on level 7 of the Dungeon)

   [ring of positive energy]

   Str-2:     It affects your strength (-2).
   Dex+4:     It affects your dexterity (+4).
   rC+:       It protects you from cold.
   rN+:       It protects you from negative energy.
   SInv:      It lets you see invisible.
Wands
 d - a wand of acid (6)
 z - a wand of iceblast (13)
 L - a wand of polymorph (11)
Scrolls
 v - 3 scrolls of fear
 A - a scroll of enchant weapon
 F - a scroll of teleportation
 H - a scroll of amnesia
 K - a scroll of immolation
 N - a scroll of revelation
 Q - a scroll of noise {unknown}
Potions
 b - a potion of magic
 c - a potion of berserk rage {unknown}
 f - 4 potions of heal wounds
 g - 2 potions of enlightenment {unknown}
 h - 2 potions of haste
 j - 2 potions of attraction
 l - 4 potions of curing
 o - a potion of lignification {unknown}
 q - a potion of degeneration {unknown}
 t - a potion of mutation {unknown}
 D - a potion of ambrosia {unknown}
 P - a potion of brilliance {unknown}


   Skills:
 + Level 5.0 Armour
 - Level 1.5 Dodging
 - Level 2.1 Stealth
 * Level 4.7 Shields
 + Level 7.5 Spellcasting
 * Level 3.1 Conjurations
 - Level 0.7 Transmutations
 * Level 10.8 Earth Magic


You had 13 spell levels left.
You knew the following spells:

 Your Spells              Type           Power      Damage    Failure   Level
a - Sandblast             Erth           100%       2d20      1%          1
b - Passwall              Tmut/Erth      30%        N/A       2%          2
c - Stone Arrow           Conj/Erth      84%        3d12      2%          3
d - Petrify               Tmut/Erth      36%        N/A       14%         4

Your spell library contained the following spells:

 Spells                   Type           Power      Damage    Failure   Level
 Foxfire                  Conj/Fire      64%        2x1d7     8%          1
 Apportation              Tloc           18%        N/A       16%         1
 Vhi's Electric Charge    Tloc/Air       18%        N/A       83%         4
 Arcjolt                  Conj/Air       8%         1d18      91%         5
 Alistair's Intoxication  Tmut/Pois      6%         N/A       98%         5
 Maxwell's Capacitive Co  Air            4%         ∞         100%        8


Dungeon Overview and Level Annotations

Branches:
Dungeon (9/15)             Temple (1/1) D:5
   Lair: D:8-11         Orc: D:9-12

Altars:
Ashenzari
Cheibriados
Dithmenos
Elyvilon
Gozag
Hepliaklqana
Kikubaaqudgha
Makhleb
Nemelex Xobeh
Okawaru
Qazlal
Ru
Sif Muna
Trog
Uskayaw
Vehumet
Xom
Yredelemnul
Zin
The Shining One

Annotations:
Temple 2 transporters


Innate Abilities, Weirdness & Mutations

You are immune to sickness and miasma.
Your stone body is resilient. (AC +6)
You are immune to poison.
You resist negative energy. (rN+)
You are resistant to electric shocks. (rElec)
You are resistant to unholy torment.
You are immune to petrification.


Message History

You kill the killer bee!
Vehumet accepts your kill. The killer bee stings you.
The howler monkey closely misses you. The killer bee barely misses you.
You completely miss the killer bee.
The killer bee is severely wounded.
The killer bee stings you but does no damage.
The killer bee completely misses you. The howler monkey barely misses you.
The killer bee stings you. The howler monkey hits you.
You slash the killer bee!
You kill the killer bee!
Vehumet accepts your kill.
The howler monkey hoots and howls with incredible vigour!
The howler monkey hits you but does no damage.
Your Armour skill increases to level 5!
Unknown command.
Casting: Sandblast (safe; 1% risk of failure)
Confirm with . or Enter, or press ? or * to list all spells.
Aiming: Sandblast (safe; 1% risk of failure)
Press: ? - help, Shift-Dir - straight line, f - howler monkey
Aim: a howler monkey (catching its breath, 84% to hit)
The blast of sand hits the howler monkey!
The howler monkey is almost dead.
The howler monkey barely misses you.
The howler monkey hoots and howls with incredible vigour!
Casting: Sandblast (safe; 1% risk of failure)
Confirm with . or Enter, or press ? or * to list all spells.
Aiming: Sandblast (safe; 1% risk of failure)
Press: ? - help, Shift-Dir - straight line, f/p - howler monkey
Aim: a howler monkey (almost dead, catching its breath, 84% to hit)
The blast of sand hits the howler monkey!
You kill the howler monkey!
Vehumet accepts your kill.
Unknown command.
You start resting.
A cyclops comes into view.
The cyclops throws a large rock.
The large rock hits you!
* * * LOW HITPOINT WARNING * * *
The cyclops throws a large rock.
The large rock hits you!
You die...

###########
#...<.<...#
#.........#
#.......[.#
#.........#
#.........#
#....>....#
#...@.....#
#####.##...#
#.# #....
#......†#
...#
#.......#
..#
#.......C
#.......#
#.......#
#####.#.#


You could see a cyclops.

Vanquished Creatures
  An acid dragon (D:5)
  3 orc warriors
  4 black bears
  A sky beast (D:6)
  An ogre (D:6)
  A centaur (D:9)
  2 phantoms (D:4)
  2 kobold brigands
  3 bullfrogs (D:8)
  5 scorpions
  8 wights (D:8)
  3 killer bees (D:9)
  3 howler monkeys (D:9)
  A gnoll bouda (D:6)
  2 jellies
  5 orc priests
  5 hounds
  3 iguanas
  A sleepcap (D:4)
  2 orc wizards
  8 gnolls
  8 adders
  3 shadow imps
  5 white imps
  3 ufetubi
  A worm (D:2)
  3 dart slugs
  9 orcs
  6 endoplasms
  4 giant cockroaches
  7 goblins
  5 hobgoblins
  9 kobolds
  7 quokkas
  3 ball pythons
  4 bats
  2 frilled lizards (D:1)
  4 rats
147 creatures vanquished.

Notes
Turn   | Place    | Note
-------+----------+-------------------------------------------
     0 | D:1      | bjtr the Gargoyle Earth Elementalist began the quest for
                  | the Orb.
     0 | D:1      | Reached XP level 1. HP: 10/10 MP: 3/3
    75 | D:1      | Reached skill level 4 in Earth Magic
   156 | D:1      | Reached XP level 2. HP: 15/15 MP: 1/5
   483 | D:1      | You fall into a shaft and drop 1 floor!
   516 | D:2      | Reached XP level 3. HP: 19/19 MP: 3/6
  1229 | D:2      | Identified the +4 short sword of Abuse {heavy, rCorr}
  1435 | D:2      | Reached skill level 5 in Earth Magic
  1435 | D:2      | Reached XP level 4. HP: 24/24 MP: 8/8
  1557 | D:2      | Learned a level 2 spell: Passwall
  1561 | D:2      | Learned a level 3 spell: Stone Arrow
  1741 | D:3      | Found a faded altar of an unknown god.
  2253 | D:4      | Identified a scroll of acquirement
  2253 | D:4      | Acquired 1331 gold pieces
  2307 | D:4      | Identified the +1 ring mail of the Moon {Int+5}
  2335 | D:4      | Reached XP level 5. HP: 26/28 MP: 6/10
  2579 | D:4      | Reached skill level 1 in Armour
  2582 | D:4      | Reached skill level 6 in Earth Magic
  2582 | D:4      | Reached XP level 6. HP: 29/32 MP: 7/12
  2724 | D:4      | Reached XP level 7. HP: 36/36 MP: 11/14
  2843 | D:4      | Found a hide-covered altar of Uskayaw.
  2864 | D:5      | Entered Level 5 of the Dungeon
  2870 | D:5      | Reached skill level 7 in Earth Magic
  2875 | D:5      | Learned a level 4 spell: Petrify
  2916 | D:5      | Reached skill level 1 in Shields
  2916 | D:5      | Reached skill level 5 in Spellcasting
  3399 | D:5      | Found an ancient bone altar of Kikubaaqudgha.
  3411 | D:5      | Identified the +4 quarterstaff of Res Judicata {antimagic,
                  | rElec rC++ Str+3 Int+2 Dex-4}
  3535 | D:5      | Reached XP level 8. HP: 30/41 MP: 16/16
  3796 | D:5      | Found a staircase to the Ecumenical Temple.
  3802 | Temple   | Found a transporter.
  3802 | Temple   | Found a transporter.
  3802 | Temple   | Found a transporter.
  3802 | Temple   | Found a transporter.
  3802 | Temple   | Entered the Ecumenical Temple
  3825 | Temple   | Became a worshipper of Vehumet
  4066 | D:6      | Reached skill level 8 in Earth Magic
  4114 | D:6      | Found a glowing golden altar of the Shining One.
  4114 | D:6      | Found an iron altar of Okawaru.
  4189 | D:6      | Found a hazy altar of Hepliaklqana.
  4191 | D:6      | Found a sacrificial altar of Ru.
  5087 | D:7      | Reached XP level 9. HP: 45/45 MP: 13/18
  5173 | D:7      | Reached skill level 9 in Earth Magic
  5205 | D:7      | Acquired the ring "Votoech" {rC+ rN+ Str-2 Dex+4 SInv}
  5373 | D:7      | Found a stormy altar of Qazlal.
  5640 | D:8      | Reached skill level 1 in Conjurations
  5676 | D:8      | Reached * piety under Vehumet
  5676 | D:8      | Offered knowledge of Foxfire by Vehumet.
  5977 | D:8      | Found a bloodstained altar of Trog.
  6014 | D:8      | Reached skill level 10 in Earth Magic
  6208 | D:8      | Found a broken altar of Ashenzari.
  6720 | D:9      | Reached skill level 5 in Armour
  6726 | D:9      | Noticed a cyclops
  6728 | D:9      | Hit by a large rock thrown by a cyclops

Illustrated notes

Levels and vault maps discovered:
D:1:      lemuel_arrival_hallway, layout_loops_ring, minmay_door_square
D:2:      layout_rooms, grunt_ministairs_8, minmay_misc_feat_room,
          chequers_serial_rivers_small_b, hex_large, hangedman_decor_growths
D:3:      layout_basic, ebering_ecumenical_altar_mist
D:4:      layout_basic, kennysheep_mini_moat, kennysheep_potato
D:5:      layout_basic, mainiacjoe_overflow_alcove_4, temple_green,
          grunt_ministairs_2
D:6:      layout_basic, nicolae_overflow_macrodata_refinement, minmay_holes
D:7:      layout_basic, nicolae_qazlal_eye_of_the_storm
D:8:      layout_loops_corners, evilmike_ruin_ashenzari, trog_butcher_becter,
          serial_bayou_pond_a, st_stairs_2
D:9:      layout_rooms
Temple:   hellmonk_temple_divided_pantheon

Skill      XL: |  1  2  3  4  5  6  7  8  9 |
---------------+----------------------------+-----
Earth Magic    | 4 5 6 7 8 10 | 10.8
Spellcasting   | 3 4 5 6 7 |  7.5
Armour         | 1 2 3 4 5 |  5.0
Shields        | 1 3 4 |  4.7
Conjurations   | 3 |  3.1
Dodging        | |  1.5
Stealth        | |  2.1
Transmutations | |  0.7

Action                     |  1- 3 |  4- 6 |  7- 9 || total
---------------------------+-------+-------+-------++-------
  Melee: Dagger            |    15 |       |       ||    15
         Short sword       |    10 |    39 |    23 ||    72
         Mace              |     6 |       |       ||     6
         Scimitar          |       |       |    45 ||    45
   Cast: Sandblast         |    35 |    36 |   135 ||   206
         Stone Arrow       |       |       |     1 ||     1
    Use: Scroll            |       |     7 |     8 ||    15
         Potion            |       |       |     1 ||     1
   Stab: Sleeping          |     1 |       |     1 ||     2
 Armour: Robe              |    26 |    19 |       ||    45
         Ring mail         |       |    27 |   146 ||   173
         Leather armour    |       |     3 |       ||     3
  Dodge: Dodged            |    34 |    44 |    97 ||   175

Table legend: (Time is in decaauts)
 A = Elapsed time spent in this place.
 B = Non-inter-level travel time spent in this place.
 C = Inter-level travel time spent in this place.
 D = Time resting spent in this place.
 E = Time spent auto-exploring this place.
 F = Levels seen in this place.
 G = Mean time per level.
                   A        B        C        D        E       F      G
               +--------+--------+--------+--------+--------+-----+--------+
         Total |   6884 |   6730 |    154 |    242 |   5204 |  10 |  688.4 |
       Dungeon |   6843 |   6689 |    154 |    242 |   5204 |   9 |  760.3 |
        Temple |     40 |     40 |      0 |      0 |      0 |   1 |   40.0 |
               +--------+--------+--------+--------+--------+-----+--------+

Top non-repeatable levels by time:
     D:8: 1128 daAuts
     D:5: 1107 daAuts
     D:7: 981 daAuts
     D:1: 950 daAuts
     D:2: 684 daAuts
     D:6: 653 daAuts
     D:4: 653 daAuts
     D:3: 638 daAuts
     D:9: 47 daAuts
  Temple: 40 daAuts
